 Dungeon Crawl Stone Soup version 0.29-a0-330-g52719c12eb (webtiles) character file.

Game seed: 246317307445675549

524 Leszczynek the Skirmisher (level 7, -2/50 HPs)
             Began as a Human Gladiator on Apr 20, 2022.
             Was a Believer of Ru.
             Slain by a killer bee (6 damage)
             ... on level 5 of the Dungeon.
             The game lasted 00:12:23 (1399 turns).

Leszczynek the Skirmisher (Human Gladiator)         Turns: 1399, Time: 00:12:24

Health: -2/50      AC:  8    Str: 13 (15) XL:     7   Next: 46%
Magic:  2/7        EV: 11    Int:  7 (10) God:    Ru [**....]
Gold:   124        SH:  0    Dex: 13 (14) Spells: 3/6 levels left

rFire   . . .      SeeInvis .   a - +1 quarterstaff
rCold   . . .      Faith    .   (shield currently unavailable)
rNeg    . . .      Spirit   .   n - +0 ring mail
rPois   .          Reflect  .   l - +2 hat {Will+}
rElec   .          Harm     .   (no cloak)
rCorr   .          Rampage  .   (no gloves)
Will    .....                   m - +0 pair of boots
Stlth   +.........              (no amulet)
HPRegen 0.16/turn               (no ring)
MPRegen 0.10/turn               (no ring)

@: brilliant, lethally poisoned (-2 -> -4), weak-willed, very slightly
contaminated
A: frail 1
a: Renounce Religion


You were on level 5 of the Dungeon.
You worshipped Ru.
Ru was pleased with you.
You visited 1 branch of the dungeon, and saw 7 of its levels.

You collected 124 gold pieces.

Inventory:

Hand Weapons
 a - a +1 quarterstaff (weapon)
 c - a +0 halberd of flaming
Missiles
 e - a javelin (quivered)
 o - a boomerang
Armour
 b - a +0 leather armour
 l - a +2 hat of willpower (worn)
 m - a +0 pair of boots (worn)
 n - a +0 ring mail (worn)
 t - a +0 robe
Jewellery
 i - an amulet of faith
Wands
 r - a wand of polymorph (8)
Scrolls
 g - 2 scrolls of blinking
Potions
 q - a potion of mutation {!q}


   Skills:
 + Level 5.2 Fighting
 - Level 3.0 Staves
 - Level 2.0 Throwing
 - Level 4.0 Dodging
 * Level 4.7 Summonings


You had 3 spell levels left.
You knew the following spells:

 Your Spells              Type           Power      Damage    Failure   Level
a - Call Canine Familiar  Summ           9%         N/A       41%         3

Your spell library contained the following spells:

 Spells                   Type           Power      Damage    Failure   Level
 Portal Projectile        Hex/Tloc       0%         N/A       97%         3
 Leda's Liquefaction      Hex/Erth       0%         N/A       100%        4


Dungeon Overview and Level Annotations

Branches:
Dungeon (7/15)
 Temple: D:4-7

Altars:
Ru
Xom

Annotations:
D:5 Eustachio, Grinder


Innate Abilities, Weirdness & Mutations

You are frail. (-10% HP)


Message History

You see here a sky beast corpse.
The water moccasin attacks as you move away!
The water moccasin completely misses you.
You feel very sick.
Throw: throwing net
Press: ? - help, Q - select action, (/) - cycle Shift-Dir - straight line, f - water moccasin
Aim: a water moccasin (weak-willed, 42% to hit)
You throw a throwing net.
The throwing net completely misses the water moccasin.
You feel sick.
The water moccasin is stunned by your conviction and fails to attack.
The water moccasin barely misses you.
Aiming: Polymorph
Press: ? - help, Shift-Dir - straight line, f/p - water moccasin
Aim: a water moccasin (weak-willed, will become a komodo dragon, a killer bee, or a jelly, chance to affect: 57%)
The water moccasin evaporates and reforms as a killer bee!
You feel sick.
The killer bee stings you but does no damage.
Aiming: Polymorph
Press: ? - help, Shift-Dir - straight line, f/p - killer bee
Aim: a killer bee (will become a steam dragon, a tengu, or a sky beast, chance to affect: 57%)
Okay, then.
You hit the killer bee.
The killer bee is lightly wounded.
You feel sick. The killer bee stings you.
* * * LOW HITPOINT WARNING * * *
The killer bee is stunned by your conviction and fails to attack. x2
Unknown command.
Unknown command.
Unknown command.
You barely miss the killer bee.
The killer bee is lightly wounded.
You feel sick.
You redirect the killer bee's attack!
The killer bee completely misses itself.
The killer bee barely misses you.
You closely miss the killer bee.
The killer bee is lightly wounded.
You feel sick. The killer bee barely misses you. The killer bee stings you.
You die...

**,,,.....,*
*,,**#....#*
*,,*##.....*#######
,,,,.......,#.....#
,,,,.....h.,#.....#
,,**.."....,#.....#
,***##.....##.....#
,***#.............#
,*,,.!......#...@.#
,,,*#.......###y###
,***#.Y.....#
#.######### .*
*.......##
#.........#
#***.#....#*
#.........#
,,,,,#.###*
*#.......>.#
,,,#*#.*
#..........# ,,.#
*,* #..........#
,..#**,*
#..........#


You could see a killer bee.

Vanquished Creatures
  Menkaure (D:5)
  A sky beast (D:5)
  A bullfrog (D:6)
  A scorpion (D:4)
  A howler monkey (D:5)
  2 hounds
  5 adders
  An ufetubus (D:5)
  2 worms
  8 orcs
  6 ball pythons
  3 endoplasms
  A giant cockroach (D:4)
  2 hobgoblins
  4 jackals (D:4)
  3 bats
  2 goblins (D:2)
  A rat (D:3)
45 creatures vanquished.

Notes
Turn   | Place    | Note
-------+----------+-------------------------------------------
     0 | D:1      | Leszczynek the Human Gladiator began the quest for the Orb.
     0 | D:1      | Reached XP level 1. HP: 16/16 MP: 1/1
    73 | D:2      | Reached XP level 2. HP: 23/23 MP: 2/2
   193 | D:3      | Reached XP level 3. HP: 22/28 MP: 3/3
   234 | D:3      | Reached skill level 3 in Fighting
   317 | D:3      | Found a shimmering altar of Xom.
   377 | D:3      | Reached XP level 4. HP: 22/37 MP: 4/4
   441 | D:4      | Found a sacrificial altar of Ru.
   487 | D:2      | Learned a level 3 spell: Call Canine Familiar
   527 | D:4      | to ru or not to ru
   532 | D:4      | Became a worshipper of Ru the Awakened
   622 | D:4      | Reached XP level 5. HP: 11/42 MP: 5/5
   713 | D:5      | Entered Level 5 of the Dungeon
   713 | D:5      | Noticed a black bear
   816 | D:4      | Reached skill level 4 in Fighting
   816 | D:4      | Reached skill level 4 in Dodging
   816 | D:4      | Reached skill level 1 in Summonings
   869 | D:4      | Reached skill level 2 in Summonings
   884 | D:5      | Noticed Eustachio
   925 | D:5      | Noticed Menkaure
   927 | D:5      | Gained mutation: You have an increased reservoir of magic.
                  | (+10% MP) [potion of mutation]
   927 | D:5      | Lost mutation: You have an increased reservoir of magic.
                  | (+10% MP) [potion of mutation]
   935 | D:5      | Killed Menkaure
   936 | D:5      | Reached skill level 3 in Summonings
   936 | D:5      | Reached XP level 6. HP: 19/49 MP: 6/6
   948 | D:5      | HP: 8/49 [ufetubus (4)]
   949 | D:5      | i killed that guy and THIS will kill me
   949 | D:5      | great
  1071 | D:5      | Noticed a water moccasin
  1246 | D:5      | Noticed Grinder
  1303 | D:6      | Reached skill level 4 in Summonings
  1303 | D:6      | Reached XP level 7. HP: 31/55 MP: 7/7
  1363 | D:5      | Gained mutation: You are frail. (-10% HP) [Ru sacrifice]
  1363 | D:5      | Reached * piety under Ru
  1363 | D:5      | Reached ** piety under Ru
  1367 | D:5      | Reached skill level 5 in Fighting
  1390 | D:5      | HP: 8/50 [water moccasin (7)]
  1392 | D:5      | 0.7% chance of miscasting 3 times
  1392 | D:5      | *7%
  1392 | D:5      | still not a lot
  1396 | D:5      | a water moccasin changed into a killer bee
  1396 | D:5      | HP: 9/50 [poisoned by a water moccasin]
  1399 | D:5      | HP: 4/50 [poisoned by a water moccasin]
  1399 | D:5      | Slain by a killer bee

Illustrated notes #. #..........# #.###..........# ...#..........# #...#.......# ##....#....†)#### ##(.......<..<.... #.......####...... .######.......# #...... .......@...._.# #...... ########.....## #...... ##.....## ####### #...<..[# #.......# #.......# ##.....## ##...## ##### Turn 527 on D:4: to ru or not to ru ....... ?...... ... ....... ..# .....## # #.# ####.# #.#.### . # .#... . . ...###### . #...###........ ......5@......( ....###........ . #........ #........ #......>. #........ ..####### ... Turn 949 on D:5: i killed that guy and THIS will kill me

**,,*##.....*#######
*,,,,.......,#.....#
*,,,,.....h.,#.....#
,,,**.."....,#.....#
,,***##.....##.....#
,,***#.....Y.h.....#
*,*,,.!......#.....#
*,,,*#.......###†###
,,***#.Y.....#
#@######### ..*
*.......##
#S........#
.#***.#....#*
#.........#
.,,,,,#.###*
*#.......>.#
#,,,#*#.*
#..........# *,,.#
*,* #..........#
*,..#**,*
#..........#
#...#*,,*
#.#.##.#####
J...##,** #.#.#..#


Turn 1392 on D:5: 0.7% chance of miscasting 3 times

Levels and vault maps discovered:
D:1:      amcnicky_arrival_gap_in_the_tavern_cellar, layout_basic,
          shapermc_ecumenical_altar_hornbeckon
D:2:      layout_loops_cross, chequers_jeans
D:3:      layout_loops_cross, lightli_temple_of_fire, lemuel_crystal_altar,
          overflow_temple_1_default, serial_bayou_pond_e, kennysheep_potato
D:4:      layout_rooms, overflow_temple_1_default, marbit_many_paths
D:5:      layout_rooms, hangedman_minor_gate_pass, uniq_grinder, uniq_menkaure,
          uniq_eustachio
D:6:      nicolae_cairo_tiling, layout_basic, minmay_temple_entry_butterflies,
          grunt_decor_clamped
D:7:      layout_basic, nicolae_dithmenos_shadow_blocks, nicolae_grassy_gnolls

Skill      XL: |  1  2  3  4  5  6  7 |
---------------+----------------------+-----
Fighting       | 3 4 5 |  5.2
Dodging        | 4 |  4.0
Summonings     | 3 4 |  4.7
Staves         | |  3.0
Throwing       | |  2.0

Action                   |  1- 3 |  4- 6 |  7- 9 || total
-------------------------+-------+-------+-------++-------
Melee: Quarterstaff      |    55 |   111 |    21 ||   187
       Halberd           |       |     4 |       ||     4
Throw: Throwing net      |     2 |     2 |     1 ||     5
       Javelin           |       |     1 |       ||     1
       Boomerang         |       |     2 |       ||     2
Invok: Sacrifice Health  |       |       |     1 ||     1
Evoke: Wand              |       |       |     3 ||     3
  Use: Scroll            |       |     4 |     2 ||     6
       Potion            |       |     3 |     3 ||     6
 Stab: Sleeping          |     1 |       |       ||     1
       Held in net/web   |       |     1 |       ||     1
Armor: Leather armour    |    15 |       |       ||    15
       Ring mail         |       |    63 |    13 ||    76
Dodge: Dodged            |    45 |   121 |    22 ||   188

Table legend: (Time is in decaauts)
 A = Elapsed time spent in this place.
 B = Non-inter-level travel time spent in this place.
 C = Inter-level travel time spent in this place.
 D = Time resting spent in this place.
 E = Time spent auto-exploring this place.
 F = Levels seen in this place.
 G = Mean time per level.
                   A        B        C        D        E       F      G
               +--------+--------+--------+--------+--------+-----+--------+
         Total |   1498 |   1452 |     46 |      0 |      0 |   7 |  214.0 |
       Dungeon |   1498 |   1452 |     46 |      0 |      0 |   7 |  214.0 |
               +--------+--------+--------+--------+--------+-----+--------+

Top non-repeatable levels by time:
     D:4: 631 daAuts
     D:6: 247 daAuts
     D:3: 224 daAuts
     D:2: 180 daAuts
     D:5: 150 daAuts
     D:1: 61 daAuts
     D:7: 1 daAuts
